 Dungeon Crawl Stone Soup version 0.29-a0-911-g88e6f02907 (webtiles) character file.

Game seed: 11729877367288558724

408 dolemite99 the Chiller (level 6, -16/67 HPs)
             Began as a Draconian Ice Elementalist on July 26, 2022.
             Was an Elder of Ignis.
             Killed from afar by Grinder the ynoxinul (20 damage)
             ... with an iron shot
             ... on level 3 of the Dungeon.
             The game lasted 00:07:23 (4918 turns).

dolemite99 the Chiller (Draconian Ice Elementalist) Turns: 4918, Time: 00:07:24

Health: -16/67     AC: 23    Str:  8 (11) XL:     6   Next: 57%
Magic:  2/9        EV:  2    Int: 13 (15) God:    Ignis [****..]
Gold:   119        SH:  0    Dex:  9 (11) Spells: 2/9 levels left

rFire   + . .      SeeInvis .   b - +1 whip (elec)
rCold   . . .      Faith    .   (no shield)
rNeg    . . .      Spirit   .   (body armour unavailable)
rPois   +          Reflect  .   (helmet currently unavailable)
rElec   .          Harm     .   (cloak currently unavailable)
rCorr   .          Rampage  .   (gloves currently unavailable)
Will    .....      NoTele   +   (boots currently unavailable)
Stlth   ++........              (no amulet)
HPRegen 0.21/turn               (no ring)
MPRegen 0.11/turn               (no ring)

@: tree-form (expiring), freezing walls
A: stationary, stasis, torment immunity, boosted hp, AC +6, unfitting armour,
(cold-blooded), (horns 1), deterioration 1, dopey 1
a: Renounce Religion, Fiery Armour, Foxfire Swarm, Rising Flame


You were on level 3 of the Dungeon.
You worshipped Ignis.
Ignis was greatly pleased with you.
You were a tree.
You visited 1 branch of the dungeon, and saw 4 of its levels.

You collected 135 gold pieces.
You spent 16 gold pieces at shops.

Inventory:

Hand Weapons
 a - a +1 dagger of venom
 b - a +1 whip of electrocution (weapon)
 c - a +0 mace
 h - a +0 sling
Missiles
 f - 20 poisoned darts
Jewellery
 i - a ring of willpower
 o - an amulet of the acrobat
Scrolls
 e - 3 scrolls of teleportation
Potions
 g - a potion of magic
 j - a potion of attraction
 m - 2 potions of lignification
 p - a potion of berserk rage {unknown}
 q - a potion of brilliance {unknown}


   Skills:
 - Level 2.2 Dodging
 - Level 2.2 Stealth
 - Level 2.3 Spellcasting
 + Level 7.5 Ice Magic


You had 2 spell levels left.
You knew the following spells:

 Your Spells              Type           Power      Damage    Failure   Level
a - Freeze                Ice            84%        1d10      1%          1
b - Frozen Ramparts       Ice            42%        1d6       3%          3
c - Ozocubu's Armour      Ice            21%        N/A       3%          3

Your spell library contained the following spells:

 Spells                   Type           Power      Damage    Failure   Level
 Hailstorm                Conj/Ice       11%        3d5       45%         4


Dungeon Overview and Level Annotations

Branches:
Dungeon (4/15)
 Temple: D:4-7

Altars:
Ignis

Shops:
D:1 (

Annotations:
D:3 Grinder


Innate Abilities, Weirdness & Mutations

You are a tree.
Your roots penetrate the ground, keeping you stationary.
You cannot be teleported.
You are immune to unholy pain and torment.
Your maximum health is greatly increased.
Your equipment is partially melded.
((Your plain brown scales are hard. (AC +6)))
You cannot fit into any form of body armour.
((You are cold-blooded and may be slowed by cold attacks.))
((You have a pair of small horns on your head.))
Your body sometimes deteriorates upon taking damage.
You are dopey. (Int -2)


Message History

You closely miss Grinder.
Grinder is severely wounded.
The ufetubus resists.
The wall freezes the ufetubus.
The ufetubus resists.
The wall freezes the ufetubus.
You kill the ufetubus!
The ufetubus disappears in a puff of smoke!
The ufetubus resists.
The wall freezes the ufetubus.
The ufetubus hits you but does no damage. x2
The ufetubus resists.
The wall freezes the ufetubus.
The ufetubus hits you but does no damage.
The ufetubus barely misses you.
Grinder resists.
The wall freezes Grinder.
Grinder gestures.
The ufetubus resists.
The wall freezes the ufetubus.
The ufetubus completely resists.
The wall freezes the ufetubus but does no damage.
The ufetubus hits you.
* * * LOW HITPOINT WARNING * * *
The ufetubus hits you but does no damage.
The ufetubus completely resists.
The wall freezes the ufetubus but does no damage.
The ufetubus hits you but does no damage. x2
Grinder completely resists.
The wall freezes Grinder but does no damage.
Grinder hits you but does no damage.
You hit Grinder.
Grinder is severely wounded.
The ufetubus resists.
The wall freezes the ufetubus.
The ufetubus resists.
The wall freezes the ufetubus.
The ufetubus hits you but does no damage. x2
The ufetubus completely resists.
The wall freezes the ufetubus but does no damage.
The ufetubus hits you but does no damage. x2
The ufetubus resists.
The wall freezes the ufetubus.
The ufetubus resists.
The wall freezes the ufetubus.
You kill the ufetubus!
The ufetubus disappears in a puff of smoke!
Grinder resists.
The wall freezes Grinder.
Grinder gestures at you. The iron shot hits you!!
You die...

.# #$..# g# #..)#
#. .## #..$ .. #.##
###..# .#
##.######....# .#
###.........# .#
##.######...# .#
#.#######...#####5#
..)).........§53♣5#
#########...#######
#..## #..# #..#
..). ###..# #.?#


You could see Grinder the ynoxinul and 3 ufetubi.

Vanquished Creatures
  Sigmund (D:2)
  2 hounds (D:4)
  An iguana (D:4)
  An orc wizard (D:4)
  4 gnolls
  2 adders (D:2)
  A worm (D:3)
  A dart slug (D:1)
  6 bats
  5 endoplasms
  4 giant cockroaches
  11 goblins
  5 hobgoblins
  7 jackals (D:4)
  3 quokkas (D:2)
  8 ball pythons
  2 frilled lizards
  4 kobolds
  5 rats
73 creatures vanquished.

Vanquished Creatures (others)
  22 foxfires
  16 fungi (D:3)
  9 plants (D:1)
47 creatures vanquished.

Grand Total: 120 creatures vanquished

Notes
Turn   | Place    | Note
-------+----------+-------------------------------------------
     0 | D:1      | dolemite99 the Draconian Ice Elementalist began the quest
                  | for the Orb.
     0 | D:1      | Reached XP level 1. HP: 14/14 MP: 3/3
   539 | D:1      | Reached XP level 2. HP: 17/20 MP: 1/5
   995 | D:1      | Found a faded altar of an unknown god.
  1015 | D:1      | Prayed at the altar of an unknown god.
  1015 | D:1      | Became a worshipper of Ignis, the Dying Flame
  1061 | D:1      | Reached XP level 3. HP: 4/26 MP: 2/6
  1538 | D:1      | Learned a level 3 spell: Frozen Ramparts
  2050 | D:1      | Found Sas Ibig's Weapon Shoppe.
  2059 | D:1      | Bought 2 poisoned darts for 8 gold pieces
  2059 | D:1      | Bought 2 poisoned darts for 8 gold pieces
  2134 | D:2      | Noticed Sigmund
  2431 | D:2      | Gained mutation: Your body sometimes deteriorates upon
                  | taking damage. [potion of mutation]
  2431 | D:2      | Gained mutation: You are dopey. (Int -2) [potion of
                  | mutation]
  2431 | D:2      | Gained mutation: You have a pair of small horns on your
                  | head. [potion of mutation]
  2433 | D:2      | Killed Sigmund
  2434 | D:2      | Reached skill level 6 in Ice Magic
  2434 | D:2      | Reached XP level 4. HP: 3/33 MP: 7/7
  2434 | D:2      | Reached XP level 5. HP: 3/38 MP: 8/8
  3092 | D:3      | Noticed Grinder
  3204 | D:2      | Learned a level 3 spell: Ozocubu's Armour
  3260 | D:3      | Paralysed by Grinder for 2 turns
  3941 | D:4      | Reached XP level 6. HP: 33/45 MP: 4/9
  4309 | D:4      | Reached skill level 7 in Ice Magic
  4896 | D:3      | Paralysed by Grinder for 4 turns
  4901 | D:3      | Noticed Grinder
  4901 | D:3      | Grinder changed into Grinder the ynoxinul
  4918 | D:3      | Killed from afar by Grinder the ynoxinul

Illustrated notes

Levels and vault maps discovered:
D:1:      pf_arrival_petrified_forest, layout_basic,
          ebering_ecumenical_altar_abandoned, serial_shops,
          nicolae_shop_bloodbath_and_beyond, serial_bayou_pond_b
D:2:      layout_rooms, uniq_sigmund
D:3:      layout_loops_ring, mainiacjoe_overflow_cross_hatched, serial_shops,
          nicolae_shop_stone, uniq_grinder, uniq_ijyb
D:4:      layout_basic, mainiacjoe_overflow_surrounded_room,
          minmay_temple_entry_fiery, minmay_starry_boxes, uniq_edmund

Skill      XL: |  1  2  3  4  5  6 |
---------------+-------------------+-----
Dodging        | 2 |  2.2
Stealth        | 2 |  2.2
Ice Magic      | 6 7 |  7.5
Spellcasting   | |  2.3

Action                   |  1- 3 |  4- 6 || total
-------------------------+-------+-------++-------
Melee: Unarmed           |    25 |       ||    25
       Tailslap          |     4 |     6 ||    10
       Whip              |    17 |    32 ||    49
       Headbutt          |       |    12 ||    12
       Dagger            |       |    24 ||    24
 Fire: Sling             |       |    12 ||    12
 Cast: Freeze            |    51 |    19 ||    70
       Frozen Ramparts   |       |     8 ||     8
Invok: Foxfire Swarm     |     1 |     2 ||     3
Evoke: Wand              |       |     2 ||     2
  Use: Potion            |     1 |     3 ||     4
       Scroll            |       |     6 ||     6
 Stab: Sleeping          |       |     2 ||     2
Armor: Skin              |    48 |    88 ||   136
Dodge: Dodged            |    64 |    60 ||   124

Table legend: (Time is in decaauts)
 A = Elapsed time spent in this place.
 B = Non-inter-level travel time spent in this place.
 C = Inter-level travel time spent in this place.
 D = Time resting spent in this place.
 E = Time spent auto-exploring this place.
 F = Levels seen in this place.
 G = Mean time per level.
                   A        B        C        D        E       F      G
               +--------+--------+--------+--------+--------+-----+--------+
         Total |   4928 |   4805 |    123 |   2593 |   1324 |   4 | 1232.0 |
       Dungeon |   4928 |   4805 |    123 |   2593 |   1324 |   4 | 1232.0 |
               +--------+--------+--------+--------+--------+-----+--------+

Top non-repeatable levels by time:
     D:1: 2180 daAuts
     D:2: 1485 daAuts
     D:4: 815 daAuts
     D:3: 447 daAuts
